 Dungeon Crawl Stone Soup version 0.21.0-3-g78d12a8 (webtiles) character file.

4799 MovingMist the Protected (level 10, -5/60 HPs)
             Began as a Gargoyle Fighter on Jan 10, 2018.
             Was an Elder of Okawaru.
             Killed from afar by Ignatius881's ghost (20 damage)
             ... with an orb of energy
             ... on level 8 of the Dungeon.
             The game lasted 00:21:52 (6729 turns).

MovingMist the Protected (Gargoyle Fighter)         Turns: 6729, Time: 00:21:52

Health: -5/60      AC: 23    Str: 23    XL:     10   Next: 48%
Magic:  12/13      EV:  9    Int: 10    God:    Okawaru [****..]
Gold:   217        SH: 10    Dex: 15    Spells: 10/13 levels left

rFire    . . .     SeeInvis .   C - +5 flail
rCold    . . .     Gourm    .   c - +0 shield
rNeg     + . .     Faith    .   y - +0 chain mail
rPois    ∞         Spirit   .   (helmet restricted)
rElec    +         Reflect  .   (no cloak)
rCorr    .         Harm     .   w - +2 pair of gloves {Str+3}
MR       .....                  m - +1 pair of boots
Stlth    ..........             (no amulet)
HPRegen  0.60/turn              l - +4 ring of dexterity
MPRegen  0.13/turn              s - +4 ring of slaying

@: no status effects
A: antennae 1, negative energy resistance 1, regeneration 1, electricity
resistance, unbreathing, petrification resistance, rot immunity, AC +7
a: Heroism, Renounce Religion


You were on level 8 of the Dungeon.
You worshipped Okawaru.
Okawaru was greatly pleased with you.
You were not hungry.

You visited 2 branches of the dungeon, and saw 9 of its levels.
You also visited: Sewer.

You collected 493 gold pieces.
You spent 276 gold pieces at shops.

Inventory:

Hand Weapons
 C - a +5 flail (weapon)
Missiles
 a - 2 javelins of returning (quivered)
Armour
 c - a +0 shield (worn)
 m - a +1 pair of boots (worn)
 w - a +2 pair of gloves of strength (worn)
 y - a +0 chain mail (worn)
Jewellery
 e - an uncursed amulet of harm
 k - an uncursed ring of magical power
 l - a +4 ring of dexterity (left hand)
 s - a +4 ring of slaying (right hand)
 t - an uncursed ring of fire
 v - a +3 ring of intelligence
 D - a cursed ring of loudness {unknown}
Wands
 q - a wand of enslavement (14)
 r - a wand of scattershot (5)
Scrolls
 b - a scroll of enchant armour
 j - a scroll of blinking
 p - a scroll of amnesia
 u - a scroll of identify
 B - a scroll of teleportation
 E - a scroll of noise {unknown}
Potions
 d - 2 potions of might
 g - 3 potions of brilliance
 i - 4 potions of agility
 n - 8 potions of curing
 o - 2 potions of magic
 x - a potion of haste {unknown}
 z - 5 potions of flight
 A - 6 potions of heal wounds
 F - a potion of cancellation {unknown}
Comestibles
 f - 23 rations


   Skills:
 - Level 6.0 Fighting
   Level 6.2(6.5) Axes
 + Level 2.7(5.1) Maces & Flails
 - Level 8.0 Armour
 - Level 6.0 Dodging
 - Level 3.2 Shields
 + Level 2.3 Spellcasting
 + Level 5.1 Conjurations
 + Level 4.2 Hexes


You had 10 spell levels left.
You knew the following spells:

 Your Spells              Type           Power        Failure   Level  Hunger
a - Dazzling Spray        Conj/Hex       ##....       98%         3    ####...


Dungeon Overview and Level Annotations

Branches:
Dungeon (8/15)             Temple (1/1) D:4
   Lair: D:8-11

Altars:
Ashenzari
Cheibriados
Dithmenos
Gozag
Hepliaklqana
Makhleb
Nemelex Xobeh
Okawaru
Qazlal
Ru
Sif Muna
Trog
Wu Jian
Xom
Yredelemnul

Shops:
D:5 [   D:7 ?   D:8 %

Annotations:
D:8 Ignatius881's ghost, novice GnCj


Innate Abilities, Weirdness & Mutations

You are resistant to torment.
Your stone body is resilient. (AC +7)
You are immune to poison.
You resist negative energy. (rN+)
You are resistant to electric shocks. (rElec)
You can survive without breathing.
You are immune to petrification.
You are immune to rotting.
You have a pair of small antennae on your head.
Your natural rate of healing is unusually fast.


Message History

* * * LOW HITPOINT WARNING * * *
You completely miss Ignatius881's ghost.
Ignatius881's ghost is moderately damaged.
Ignatius881's ghost gestures at you while chanting.
The magic dart hits you!
* * * LOW HITPOINT WARNING * * *
You hit Ignatius881's ghost but do no damage.
Ignatius881's ghost is lightly damaged.
You feel like a meek peon again.
Ignatius881's ghost points at you and mumbles some strange words.
The zap hits you!
All of the chunks of flesh in your inventory have rotted away.
You hit Ignatius881's ghost.
Ignatius881's ghost is moderately damaged.
Ignatius881's ghost misses you.
You sock Ignatius881's ghost!
Ignatius881's ghost is moderately damaged.
Ignatius881's ghost gestures at you while chanting.
The orb of energy hits you!
You die...

#..(# #.#
#####.
...## #.#
#. #.# #.
#.# #.
#.# #.
#.# ###)
#.# #.'.
#.# #(#.
#@# ##.##
#W#
###....
#(#
##......
#.8.....#
##.......
......8.#
#........
.......(#
#........
.........
#........
.........
###......
.......8.
#####..


You could see Ignatius881's ghost.

Vanquished Creatures
  A two-headed ogre (D:8)
  Joseph (D:7)
  Sigmund (D:2)
  Menkaure (D:7)
  An orc warrior (D:8)
  4 ice beasts
  3 black bears
  A phantom (D:6)
  6 ogres
  2 centaurs
  A big kobold (Sewer)
  3 bullfrogs
  2 water moccasin zombies (D:6)
  3 killer bees (D:8)
  3 scorpions
  4 wights (D:7)
  A howler monkey (D:6)
  2 crimson imps
  A centaur zombie (D:7)
  3 bullfrog zombies
  3 hounds
  Crazy Yiuf (D:2)
  A centaur skeleton (D:7)
  2 iguanas
  2 jellies
  A bullfrog skeleton (D:7)
  8 orc wizards
  6 worker ants
  A hound zombie (D:8)
  A hound skeleton (D:8)
  16 adders
  8 river rats
  2 shadow imps
  An ooze (D:6)
  An adder skeleton (D:5)
  A worm (D:4)
  3 dart slugs
  2 leopard geckos
  30 orcs
  7 giant cockroaches
  3 goblins
  6 hobgoblins
  2 quokkas
  13 ball pythons
  5 bats
  3 frilled lizards
  20 kobolds
  A quokka skeleton (D:4)
  26 rats
220 creatures vanquished.

Notes
Turn   | Place    | Note
-------+----------+-------------------------------------------
     0 | D:1      | MovingMist the Gargoyle Fighter began the quest for the Orb.
     0 | D:1      | Reached XP level 1. HP: 14/14 MP: 1/1
   245 | D:1      | Reached XP level 2. HP: 15/19 MP: 2/2
   589 | D:1      | Reached skill level 1 in Dodging
   973 | D:2      | Reached XP level 3. HP: 23/23 MP: 3/3
  1099 | D:2      | Found a snail-covered altar of Cheibriados.
  1152 | D:2      | Noticed Sigmund
  1379 | D:2      | Killed Sigmund
  1379 | D:2      | Reached skill level 4 in Armour
  1379 | D:2      | Reached XP level 4. HP: 13/29 MP: 4/4
  1379 | D:2      | Reached XP level 5. HP: 15/33 MP: 5/5
  1590 | D:2      | Found a runed door.
  1594 | D:2      | Noticed Crazy Yiuf
  1599 | D:2      | Killed Crazy Yiuf
  1685 | D:3      | Found a stormy altar of Qazlal.
  1694 | D:3      | Found a shadowy altar of Dithmenos.
  1700 | D:3      | Reached XP level 6. HP: 38/38 MP: 6/6
  1948 | D:3      | Found a deep blue altar of Sif Muna.
  2256 | D:4      | You fall through a shaft!
  2256 | D:5      | Entered Level 5 of the Dungeon
  2258 | D:5      | Found Baytu's Armour Shop.
  2290 | D:5      | Bought a +1 pair of gloves of strength for 198 gold pieces
  2424 | D:4      | Reached XP level 7. HP: 33/44 MP: 7/7
  2632 | D:4      | Found a glowing drain.
  2637 | Sewer    | Entered a sewer
  2701 | Sewer    | Reached skill level 5 in Fighting
  2701 | Sewer    | Reached skill level 5 in Armour
  3151 | D:4      | Found a staircase to the Ecumenical Temple.
  3173 | Temple   | Entered the Ecumenical Temple
  3206 | Temple   | Became a worshipper of Warmaster Okawaru
  3633 | D:4      | Reached XP level 8. HP: 49/49 MP: 8/8
  4464 | D:6      | Reached skill level 5 in Dodging
  4692 | D:6      | Reached skill level 6 in Armour
  4734 | D:6      | Reached * piety under Okawaru
  4797 | D:6      | Learned a level 3 spell: Dazzling Spray
  4812 | D:6      | Reached XP level 9. HP: 55/55 MP: 9/9
  4928 | D:6      | Reached skill level 5 in Axes
  5216 | D:7      | Found a shattered altar of Ashenzari.
  5272 | D:7      | Found Fyijitwyat's Magic Scroll Boutique.
  5275 | D:7      | Bought a scroll of identify for 26 gold pieces
  5275 | D:7      | Bought a scroll of identify for 26 gold pieces
  5275 | D:7      | Bought a scroll of identify for 26 gold pieces
  5311 | D:7      | Reached skill level 1 in Conjurations
  5320 | D:7      | Reached ** piety under Okawaru
  5320 | D:7      | Reached skill level 7 in Armour
  5320 | D:7      | Reached skill level 1 in Hexes
  5461 | D:7      | Found a hazy altar of Hepliaklqana.
  5699 | D:7      | Noticed Menkaure
  5701 | D:7      | Gained mutation: Your natural rate of healing is unusually fast. [potion of mutation]
  5701 | D:7      | Gained mutation: You have a pair of small antennae on your head. [potion of mutation]
  5712 | D:7      | Killed Menkaure
  5854 | D:7      | Noticed Joseph
  5882 | D:7      | Killed Joseph
  5927 | D:7      | Reached *** piety under Okawaru
  5930 | D:7      | Reached XP level 10. HP: 60/60 MP: 10/10
  5967 | D:7      | Reached skill level 8 in Armour
  6128 | D:8      | Received a gift from Okawaru
  6173 | D:8      | Reached skill level 1 in Maces & Flails
  6188 | D:8      | Noticed a two-headed ogre
  6198 | D:8      | Killed a two-headed ogre
  6198 | D:8      | Received a gift from Okawaru
  6198 | D:8      | Reached skill level 1 in Spellcasting
  6273 | D:8      | Reached **** piety under Okawaru
  6361 | D:8      | Found Orchojao's Food Shoppe.
  6423 | D:8      | Reached skill level 5 in Conjurations
  6550 | D:8      | Found a basalt altar of Yredelemnul.
  6693 | D:8      | Noticed Ignatius881's ghost (novice GnCj)
  6729 | D:8      | Killed from afar by Ignatius881's ghost

Skill      XL: |  1  2  3  4  5  6  7  8  9 10 |
---------------+-------------------------------+-----
Axes           | 2 3 4 6 |  6.2
Dodging        | 1 2 3 4 5 6 |  6.0
Fighting       | 4 5 6 |  6.0
Armour         | 4 5 6 7 8 |  8.0
Conjurations   | 3 5 |  5.1
Hexes          | 3 4 |  4.2
Maces & Flails | 2 |  2.7
Spellcasting   | 2 |  2.3
Shields        | |  3.2

Action                   |  1- 3 |  4- 6 |  7- 9 | 10-12 || total
-------------------------+-------+-------+-------+-------++-------
Melee: War axe           |    89 |   102 |   508 |       ||   699
       Flail             |       |       |       |   120 ||   120
Throw: Javelin           |       |       |       |    11 ||    11
Invok: Heroism           |       |       |       |     1 ||     1
  Use: Scroll            |       |       |    20 |     2 ||    22
       Potion            |       |       |     1 |       ||     1
  Eat: Chunk             |     1 |     3 |    14 |     3 ||    21
Armor: Scale mail        |    51 |    63 |    63 |       ||   177
       Chain mail        |       |       |   248 |    54 ||   302
Dodge: Dodged            |    31 |    39 |   209 |    37 ||   316
Block: Shield            |    40 |    37 |   302 |    51 ||   430
